 Dungeon Crawl Stone Soup version 0.28-a0-1616-g050a50673c (webtiles) character file.

Game seed: 6344860480308769667

4473 mcsnuffy the Slicer (level 10, -1/83 HPs)
             Began as a Demonspawn Gladiator on Jan 22, 2022.
             Was an Initiate of Gozag.
             Slain by a two-headed ogre (18 damage)
             ... on level 8 of the Dungeon.
             The game lasted 00:26:00 (8726 turns).

mcsnuffy the Slicer (Demonspawn Gladiator)          Turns: 8726, Time: 00:26:01

Health: -1/83      AC: 11    Str: 18    XL:     10   Next: 15%
Magic:  10/10      EV: 20    Int: 10    God:    Gozag
Gold:   469        SH:  0    Dex: 15    Spells: 9/9 levels left

rFire   . . .      SeeInvis .   J - +0 dagger (elec)
rCold   . . .      Faith    .   (no shield)
rNeg    . . .      Spirit   .   v - +0 ring mail
rPois   .          Reflect  .   I - +1 helmet
rElec   .          Harm     .   x - scarf {repulsion}
rCorr   .          Rampage  .   s - +0 pair of gloves
Will    .....                   (no boots)
Stlth   +.........              (no amulet)
HPRegen 0.23/turn               E - +4 ring of evasion
MPRegen 0.12/turn               e - +4 ring of evasion

@: mighty, gold aura, repel missiles
A: thin metallic scales 2, powered by death 1, powered by pain 1, weakness
stinger 2
a: Renounce Religion, Potion Petition, Call Merchant, Bribe Branch


You were on level 8 of the Dungeon.
You worshipped Gozag.
Gozag was aware of your devotion.
You visited 2 branches of the dungeon, and saw 9 of its levels.
You also visited: Ossuary.

You collected 1071 gold pieces.
You spent 168 gold pieces at shops.
You paid 434 gold pieces to Gozag.


Innate Abilities, Weirdness & Mutations

You are mostly covered in thin metallic scales. (AC +3)
You regenerate a little health from kills.
You sometimes gain a little power by taking damage.
You have a tail ending in a sharp stinger.


   Skills:
 + Level 9.0 Fighting
 - Level 9.0(9.4) Short Blades
 + Level 4.2(7.2) Long Blades
 - Level 2.0 Throwing
 - Level 4.0 Dodging
 - Level 2.0 Stealth
 - Level 4.0 Evocations


You had 9 spell levels left.
You didn't know any spells.
Your spell library contained the following spells:

 Spells                   Type           Power      Damage    Failure   Level
 Beastly Appendage        Tmut           0%         N/A       56%         1
 Ensorcelled Hibernation  Hex/Ice        0%         N/A       71%         2
 Wereblood                Tmut           0%         N/A       71%         2
 Spider Form              Tmut/Pois      0%         N/A       90%         3
 Anguish                  Hex/Necr       0%         N/A       100%        4

Inventory:

Hand Weapons
 a - a +0 rapier of flaming
 H - a -1 double sword
 J - a +0 dagger of electrocution (weapon)
Missiles
 d - 3 throwing nets (quivered) {=f}
Armour
 b - a +0 leather armour
 s - a +0 pair of gloves (worn)
 v - a +0 ring mail (worn)
 x - a scarf of repulsion (worn)
 I - a +1 helmet (worn)
Magical Staves
 p - a staff of conjuration {!a}
 z - a staff of death {!a}
Jewellery
 c - a ring of ice
 e - a +4 ring of evasion (right hand)
 C - a ring of ice
 D - an amulet of the acrobat
 E - a +4 ring of evasion (left hand)
 M - a ring of magical power
Wands
 r - a wand of polymorph (26)
 G - a wand of digging (4)
Scrolls
 j - 3 scrolls of brand weapon
 k - 6 scrolls of teleportation {@r2}
 n - 2 scrolls of blinking
 w - 2 scrolls of magic mapping
 y - a scroll of holy word
 A - 2 scrolls of immolation
 B - a scroll of summoning
Potions
 f - 2 potions of mutation
 g - a potion of cancellation
 h - 3 potions of berserk rage {!q}
 i - 4 potions of attraction
 l - 2 potions of ambrosia {unknown}
 m - 2 potions of flight
 o - a potion of invisibility
 q - 2 potions of haste {unknown}
 t - a potion of heal wounds {@q2}
 F - a potion of might {unknown}

Dungeon Overview and Level Annotations

Branches:
Dungeon (8/15)             Temple (1/1) D:4         Ossuary (visited)
   Lair: D:8-11

Altars:
Ashenzari
Cheibriados
Dithmenos
Elyvilon
Gozag
Kikubaaqudgha
Makhleb
Nemelex Xobeh
Okawaru
Ru
Sif Muna
Trog
Uskayaw
Wu Jian
Yredelemnul

Shops:
D:2 ((*?   D:7 *

Annotations:
D:8 1 exclusion

.# #.#.#### #...# #.###.....
.# #......###.### #.# ....
.# #.......#..# #.####...#
.###.........## #.........
............## #.........
....#.......# #.........
#....#.....## ##........
#.....(....#########........
..##............@Oh.$.......
####.........#######........
........ #........ ........
...###### .#.# . .# .# .. .#


You could see a two-headed ogre (very poisoned, slow) and a howler monkey.


Message History

Press: ? - help, Q - select action, (/) - cycle Shift-Dir - straight line, f/p - two-headed ogre
Aim: a two-headed ogre, wielding a +0 dire flail and a +0 giant spiked club (77% to hit)
You throw a curare-tipped dart {=f}.
The curare-tipped dart {=f} hits the two-headed ogre.
The two-headed ogre is poisoned.
The two-headed ogre convulses.
The two-headed ogre seems to slow down.
The two-headed ogre is lightly wounded.
The howler monkey howls!
You hit the two-headed ogre.
The two-headed ogre is lightly wounded.
You barely miss the two-headed ogre.
The two-headed ogre is lightly wounded.
The two-headed ogre hits you with a +0 dire flail.
* * * LOW HITPOINT WARNING * * *
The two-headed ogre hits you with a +0 giant spiked club!
* * * LOW HITPOINT WARNING * * *
You barely miss the two-headed ogre.
The two-headed ogre is lightly wounded.
You hit the two-headed ogre but do no damage.
You tail-slap the two-headed ogre.
The two-headed ogre is lightly wounded.
You hit the two-headed ogre but do no damage.
The two-headed ogre is lightly wounded.
The two-headed ogre hits you with a +0 dire flail!
* * * LOW HITPOINT WARNING * * *
You focus on the pain.
You feel very mighty all of a sudden.
The two-headed ogre hits you with a +0 giant spiked club!!
You die...
Your body crumbles into a pile of gold.

Skill      XL: |  1  2  3  4  5  6  7  8  9 10 |
---------------+-------------------------------+-----
Short Blades   | 3 4 5 8 9 |  9.0
Fighting       | 3 4 5 8 9 |  9.0
Dodging        | 4 |  4.0
Stealth        | 1 2 |  2.0
Throwing       | 2 |  2.0
Evocations     | 3 4 |  4.0
Long Blades    | 3 4 |  4.2

Action                   |  1- 3 |  4- 6 |  7- 9 | 10-12 || total
-------------------------+-------+-------+-------+-------++-------
Melee: Rapier            |   168 |   147 |   478 |       ||   793
       Punch             |     4 |     1 |    11 |     2 ||    18
       Tailslap          |       |    23 |    61 |    12 ||    96
       Dagger            |       |       |    11 |    75 ||    86
Throw: Dart              |       |     4 |       |     2 ||     6
Invok: Potion Petition   |       |       |     1 |       ||     1
  Use: Scroll            |     3 |     1 |    12 |       ||    16
       Potion            |       |       |     2 |       ||     2
 Stab: Distracted        |       |       |     5 |     1 ||     6
Armor: Leather armour    |    74 |    28 |     6 |       ||   108
       Ring mail         |       |       |   141 |    11 ||   152
Dodge: Dodged            |    99 |   100 |   464 |    34 ||   697
       Repelled          |       |       |     4 |     1 ||     5

Levels and vault maps discovered:
D:1:      roderic_chinese_lattice_arrival, layout_rooms,
          shapermc_ecumenical_altar_acropolis, serial_bayou_ford_a
D:2:      layout_loops_ring, serial_shops, nicolae_shop_bloodbath_and_beyond,
          shop_scrolls, nicolae_square_shop, nicolae_shop_stone, hex_tiny,
          minmay_misc_feat_secret_circle
D:3:      layout_basic, nicolae_elevator_lobby_asterisk
D:4:      layout_basic, okawaru_metal_pillars_3, minmay_temple_entry_grid,
          kennysheep_cross_room, uniq_pikel
D:5:      minmay_skewed_foursquare, layout_gridville, nemelex_dance_club_becter,
          nicolae_ossuary_entry_ruins
D:6:      layout_loops_ring, lemuel_doored_altar, chequers_serial_rivers_room_b
D:7:      layout_cave_pools, mainiacjoe_overflow_alcove_4,
          overflow_temple_1_default, minmay_shop_damaged,
          minmay_misc_feat_roman, minmay_crossroads
D:8:      layout_rooms, tgw_sif, kb_lookout_dungeons_type, minmay_misc_feat_chi
Temple:   nicolae_temple_figure_eight

Notes
Turn   | Place    | Note
-------+----------+-------------------------------------------
     0 | D:1      | mcsnuffy the Demonspawn Gladiator began the quest for the
                  | Orb.
     0 | D:1      | Reached XP level 1. HP: 16/16 MP: 1/1
    35 | D:1      | Reached skill level 3 in Short Blades
   149 | D:1      | Gained mutation: You are partially covered in thin metallic
                  | scales. (AC +2) [demonic ancestry]
   149 | D:1      | Reached XP level 2. HP: 19/22 MP: 2/2
   471 | D:1      | Reached XP level 3. HP: 15/27 MP: 3/3
   800 | D:1      | Reached skill level 4 in Short Blades
   983 | D:1      | Found a faded altar of an unknown god.
  1118 | D:2      | Found Ecairr's Weapon Shop.
  1488 | D:2      | Found Zoda's Magic Scroll Boutique.
  1524 | D:2      | Bought a scroll of identify for 28 gold pieces
  1593 | D:2      | Found Uxas's Assorted Antiques.
  1836 | D:2      | Found Omoskut's Antique Weapon Shop.
  2011 | D:3      | Gained mutation: You have a small tail. [demonic ancestry]
  2011 | D:3      | Reached XP level 4. HP: 34/34 MP: 4/4
  2107 | D:2      | Reached skill level 3 in Fighting
  2878 | D:3      | Gained mutation: You have a tail ending in a sharp stinger.
                  | [demonic ancestry]
  2878 | D:3      | Reached XP level 5. HP: 39/42 MP: 5/5
  2941 | D:3      | Reached skill level 4 in Fighting
  3026 | D:3      | Reached skill level 3 in Dodging
  3230 | D:4      | Noticed a black bear
  3356 | D:4      | Killed a black bear
  3357 | D:4      | Reached skill level 4 in Dodging
  3357 | D:4      | Reached skill level 1 in Stealth
  3357 | D:4      | Gained mutation: You regenerate a little health from kills.
                  | [demonic ancestry]
  3357 | D:4      | Reached XP level 6. HP: 31/48 MP: 6/6
  3483 | D:4      | Found an iron altar of Okawaru.
  3531 | D:4      | Noticed Pikel
  3653 | D:4      | Killed Pikel
  3654 | D:4      | Reached skill level 2 in Stealth
  3654 | D:4      | Reached skill level 5 in Fighting
  3654 | D:4      | Reached skill level 5 in Short Blades
  3654 | D:4      | Reached skill level 2 in Throwing
  3654 | D:4      | Reached skill level 3 in Evocations
  3654 | D:4      | Gained mutation: You sometimes gain a little power by
                  | taking damage. [demonic ancestry]
  3654 | D:4      | Reached XP level 7. HP: 42/56 MP: 7/7
  3938 | D:4      | Found a staircase to the Ecumenical Temple.
  3945 | Temple   | Entered the Ecumenical Temple
  4068 | Temple   | Became a worshipper of Gozag Ym Sagoz the Greedy
  4399 | D:5      | Entered Level 5 of the Dungeon
  4405 | D:5      | Reached skill level 4 in Evocations
  4594 | D:5      | Gained mutation: You are mostly covered in thin metallic
                  | scales. (AC +3) [demonic ancestry]
  4594 | D:5      | Reached XP level 8. HP: 62/62 MP: 8/8
  4723 | D:5      | Reached skill level 6 in Short Blades
  4866 | D:5      | Found a sand-covered staircase.
  4875 | Ossuary  | Entered an ossuary
  5143 | Ossuary  | Reached skill level 7 in Short Blades
  5571 | Ossuary  | Reached skill level 8 in Short Blades
  5959 | D:5      | Found a sparkling altar of Nemelex Xobeh.
  6231 | D:6      | Reached XP level 9. HP: 61/68 MP: 9/9
  6344 | D:6      | Reached skill level 9 in Short Blades
  6640 | D:6      | Found an ornate altar of the Wu Jian Council.
  6948 | D:7      | Found Kisiraun's Lightly-Used Armoury.
  6968 | D:7      | Reached skill level 6 in Fighting
  7001 | D:7      | Reached skill level 7 in Fighting
  7297 | D:7      | Bought a -1 double sword for 140 gold pieces
  7451 | D:7      | Reached skill level 1 in Long Blades
  7757 | D:6      | Reached skill level 2 in Long Blades
  7898 | D:7      | Found a hide-covered altar of Uskayaw.
  8000 | D:7      | Reached skill level 8 in Fighting
  8004 | D:7      | Reached skill level 3 in Long Blades
  8067 | D:7      | Found a burning altar of Makhleb.
  8349 | D:8      | Reached XP level 10. HP: 82/82 MP: 10/10
  8508 | D:8      | Found a shimmering blue altar of Sif Muna.
  8595 | D:8      | Reached skill level 4 in Long Blades
  8710 | D:8      | Noticed a two-headed ogre
  8716 | D:8      | Reached skill level 9 in Fighting
  8726 | D:8      | Slain by a two-headed ogre

Vanquished Creatures
  Pikel (D:4)
  4 yaks (D:7)
  2 steam dragons
  A black bear (D:4)
  2 orc warriors
  2 hornet zombies
  2 necrophages
  An ogre (D:5)
  A centaur (D:7)
  A lemure (D:4)
  8 scorpions
  2 water moccasin skeletons
  15 killer bees
  2 howler monkeys
  6 centaur zombies
  A bullfrog zombie (D:5)
  A hound (D:5)
  2 human zombies (Ossuary)
  2 orc priests
  2 jellies
  A bullfrog skeleton (D:3)
  4 scorpion zombies
  4 iguanas
  4 orc wizards
  2 killer bee zombies
  A hound skeleton (D:3)
  3 mummies (Ossuary)
  3 adders
  6 gnolls
  2 white imps
  A worm (D:2)
  4 dart slugs
  18 orcs
  6 ball pythons
  10 endoplasms
  3 giant cockroaches
  A gnoll zombie (Ossuary)
  11 goblins
  5 hobgoblins
  7 jackals
  5 kobolds
  3 quokkas
  6 bats
  5 frilled lizards
  2 kobold zombies (Ossuary)
  3 orc zombies (Ossuary)
  9 rats
187 creatures vanquished.

Vanquished Creatures (others)
  A plant (D:1)
1 creature vanquished.

Grand Total: 188 creatures vanquished

Table legend: (Time is in decaauts)
 A = Elapsed time spent in this place.
 B = Non-inter-level travel time spent in this place.
 C = Inter-level travel time spent in this place.
 D = Time resting spent in this place.
 E = Time spent auto-exploring this place.
 F = Levels seen in this place.
 G = Mean time per level.
                   A        B        C        D        E       F      G
               +--------+--------+--------+--------+--------+-----+--------+
         Total |   8611 |   8286 |    325 |   1190 |   5206 |  10 |  861.1 |
       Dungeon |   7631 |   7318 |    313 |   1055 |   4630 |   8 |  953.9 |
        Temple |    141 |    129 |     12 |      0 |    121 |   1 |  141.0 |
       Ossuary |    838 |    838 |      0 |    135 |    455 |   1 |  838.0 |
               +--------+--------+--------+--------+--------+-----+--------+

Top non-repeatable levels by time:
     D:7: 1336 daAuts
     D:2: 1210 daAuts
     D:4: 1144 daAuts
     D:1: 1066 daAuts
     D:3: 942 daAuts
 Ossuary: 838 daAuts
     D:5: 783 daAuts
     D:6: 707 daAuts
     D:8: 440 daAuts
  Temple: 141 daAuts

Table legend:
 A = Non-vault XP
 B = Vault XP
 C = Vault XP percentage of total XP
 D = Non-vault monster count
 E = Vault monster count
 F = Vault count percentage of total count
                 A         B        C        D         E       F
            +---------+---------+-------+---------+---------+-------
      Total |    4296 |    2094 |  32.8 |     152 |      34 |  18.3
            +---------+---------+-------+---------+---------+-------
        D:1 |      58 |       0 |   0.0 |      32 |       0 |   0.0
        D:2 |      67 |       0 |   0.0 |      23 |       0 |   0.0
        D:3 |     153 |       0 |   0.0 |      18 |       0 |   0.0
        D:4 |     304 |     641 |  67.8 |      18 |       1 |   5.3
        D:5 |     196 |     313 |  61.5 |       8 |       6 |  42.9
        D:6 |     504 |       0 |   0.0 |      12 |       0 |   0.0
        D:7 |    2139 |     160 |   7.0 |      27 |       2 |   6.9
        D:8 |     875 |       0 |   0.0 |      14 |       0 |   0.0
    Ossuary |       0 |     980 | 100.0 |       0 |      25 | 100.0
            +---------+---------+-------+---------+---------+-------
